 Dungeon Crawl Stone Soup version 0.28-a0-1356-g2ad6d04315 (webtiles) character file.

Game seed: 10871708464956629475

49 Vash the Insei (level 3, -1/28 HPs)
             Began as a Gnoll Transmuter on Dec 31, 2021.
             Was a Follower of Makhleb.
             Slain by an orc priest (2 damage)
             ... on level 3 of the Dungeon.
             The game lasted 00:03:26 (3256 turns).

Vash the Insei (Gnoll Transmuter)                   Turns: 3256, Time: 00:03:26

Health: -1/28      AC:  2    Str: 11    XL:     3   Next: 77%
Magic:  9/9        EV: 17    Int: 12    God:    Makhleb [*.....]
Gold:   89         SH:  0    Dex: 12    Spells: 8/12 levels left

rFire   . . .      SeeInvis .     - Unarmed
rCold   . . .      Faith    .   (no shield)
rNeg    . . .      Spirit   .   a - +0 robe
rPois   .          Reflect  .   (no helmet)
rElec   .          Harm     .   (no cloak)
rCorr   .          Rampage  .   (no gloves)
Will    .....                   (no boots)
Stlth   +.........              (no amulet)
HPRegen 0.09/turn               i - +4 ring of evasion
MPRegen 0.11/turn               (no ring)

@: mighty
A: fangs 1, strong nose, distributed training
a: Renounce Religion


You were on level 3 of the Dungeon.
You worshipped Makhleb.
Makhleb was aware of your devotion.
You visited 1 branch of the dungeon, and saw 3 of its levels.

You collected 89 gold pieces.

Inventory:

Armour
 a - a +0 robe (worn)
Jewellery
 i - a +4 ring of evasion (left hand)
Scrolls
 b - 2 scrolls of identify
 f - a scroll of fog {unknown}
 j - 2 scrolls of fear {unknown}
Potions
 c - a potion of brilliance {unknown}
 d - 2 potions of might
 g - a potion of lignification {unknown}
 h - a potion of haste {unknown}


   Skills:
 + Level 2.6 Fighting
 + Level 0.9 Short Blades
 + Level 0.9 Long Blades
 + Level 0.9 Axes
 + Level 0.9 Maces & Flails
 + Level 0.9 Polearms
 + Level 0.9 Staves
 + Level 0.9 Slings
 + Level 0.9 Bows
 + Level 0.9 Crossbows
 + Level 0.9 Throwing
 + Level 0.9 Armour
 + Level 4.5 Dodging
 + Level 0.9 Stealth
 + Level 0.9 Shields
 + Level 6.5 Unarmed Combat
 + Level 5.0 Spellcasting
 + Level 0.6 Conjurations
 + Level 0.6 Hexes
 + Level 0.6 Summonings
 + Level 0.6 Necromancy
 + Level 0.6 Translocations
 + Level 3.8 Transmutations
 + Level 0.6 Fire Magic
 + Level 0.6 Ice Magic
 + Level 0.6 Air Magic
 + Level 0.6 Earth Magic
 + Level 0.6 Poison Magic
 + Level 1.0 Invocations
 + Level 0.9 Evocations


You had 8 spell levels left.
You knew the following spells:

 Your Spells              Type           Power      Damage    Failure   Level
a - Beastly Appendage     Tmut           24%        N/A       4%          1
b - Spider Form           Tmut/Pois      8%         N/A       24%         3

Your spell library contained the following spells:

 Spells                   Type           Power      Damage    Failure   Level
 Wereblood                Tmut           12%        N/A       6%          2
 Ice Form                 Ice/Tmut       8%         N/A       63%         4


Dungeon Overview and Level Annotations

Branches:
Dungeon (3/15)

Altars:
Makhleb


Innate Abilities, Weirdness & Mutations

You have very sharp teeth.
Your uncanny sense of smell can sniff out nearby items.
Your experience applies equally to all skills.


Message History

No target in view!
You now have 75 gold pieces (gained 16).
You now have 89 gold pieces (gained 14).
A ball python comes into view.
The ball python hisses angrily.
You hear a shout!
An orc priest comes into view. It is wielding a +0 whip.
There are monsters nearby!
An orc comes into view. It is wielding a +0 short sword.
The orc shouts!
A ball python comes into view.
The orc priest mumbles some strange prayers to Beogh against you.
Beogh smites you!
You hear an angry hiss.
You hear a shout!
The ball python barely misses you. The ball python misses you.
The ball python misses you. The ball python grabs you.
The ball python constricts you.
You feel much better. The ball python misses you.
The ball python constricts you.
The orc priest invokes the aid of Beogh against you.
Beogh smites you!
You feel very mighty all of a sudden. The ball python misses you.
The ball python constricts you.
The ball python bites you but does no damage.
The ball python constricts you.
The orc priest mumbles some strange prayers to Beogh against you.
Beogh smites you!
* * * LOW HITPOINT WARNING * * *
You barely miss the ball python. The ball python barely misses you.
The ball python constricts you.
You punch the ball python!
You kill the ball python!
Makhleb accepts your kill. The orc priest hits you with a +0 whip.
* * * LOW HITPOINT WARNING * * *
You barely miss the orc priest. Your bite misses the orc priest.
The orc priest barely misses you.
You hit the orc priest.
The orc priest is heavily wounded.
The orc priest hits you with a +0 whip.
You die...

#......!...# #.
#..........+ #.
#..........###########.
#..........##..........
######.#...##.########.
#.# ###.# #. #o# ##.###
#. #o# ###....# #.
#@###...♣♣.## #.
#.....♣♣♣♣♣.# #.
####..♣ ♣.## #. #..♣
♣..####. #..♣ ♣.......
#..♣♣ ♣..####.
#...♣♣♣♣..# #.
##........# #.
########## #.


You could see an orc priest and an orc.

Vanquished Creatures
  2 dart slugs (D:1)
  An orc (D:3)
  4 endoplasms
  5 hobgoblins
  7 kobolds
  4 quokkas
  5 ball pythons
  A bat (D:3)
  4 frilled lizards
  3 goblins
  6 rats
42 creatures vanquished.

Vanquished Creatures (others)
  6 plants (D:1)
6 creatures vanquished.

Grand Total: 48 creatures vanquished

Notes
Turn   | Place    | Note
-------+----------+-------------------------------------------
     0 | D:1      | Vash the Gnoll Transmuter began the quest for the Orb.
     0 | D:1      | Reached XP level 1. HP: 17/17 MP: 6/6
   217 | D:1      | Reached XP level 2. HP: 9/23 MP: 5/7
  1365 | D:1      | Found a faded altar of an unknown god.
  1370 | D:1      | Prayed at the altar of an unknown god.
  1370 | D:1      | Became a worshipper of Makhleb the Destroyer
  1370 | D:1      | Reached * piety under Makhleb
  1372 | D:1      | You fall into a shaft and drop 1 floor!
  1647 | D:2      | Reached XP level 3. HP: 25/28 MP: 9/9
  1744 | D:2      | Reached skill level 5 in Spellcasting
  1929 | D:2      | Learned a level 3 spell: Spider Form
  2730 | D:3      | Reached skill level 1 in Invocations
  3254 | D:3      | HP: 1/28 [orc priest (5)]
  3256 | D:3      | Slain by an orc priest

Illustrated notes

Levels and vault maps discovered:
D:1:      roderic_crop_circles_arrival_small, layout_loops_ring,
          hellmonk_ecumenical_altar_leap_of_faith, minmay_misc_feat_chi,
          minmay_small_reverse_x
D:2:      layout_basic, kennysheep_generic_room_11
D:3:      layout_basic, nrook_campfire

Skill      XL: |  1  2  3 |
---------------+----------+-----
Spellcasting   | 5 |  5.0
Invocations    | 1 |  1.0
Fighting       | |  2.6
Short Blades   | |  0.9
Long Blades    | |  0.9
Axes           | |  0.9
Maces & Flails | |  0.9
Polearms       | |  0.9
Staves         | |  0.9
Slings         | |  0.9
Bows           | |  0.9
Crossbows      | |  0.9
Throwing       | |  0.9
Armour         | |  0.9
Dodging        | |  4.5
Stealth        | |  0.9
Shields        | |  0.9
Unarmed Combat | |  6.5
Conjurations   | |  0.6
Hexes          | |  0.6
Summonings     | |  0.6
Necromancy     | |  0.6
Translocations | |  0.6
Transmutations | |  3.8
Fire Magic     | |  0.6
Ice Magic      | |  0.6
Air Magic      | |  0.6
Earth Magic    | |  0.6
Poison Magic   | |  0.6
Evocations     | |  0.9

Action                   || total
-------------------------++-------
Melee: Unarmed           ||   127
       Bite              ||    12
       Headbutt          ||     2
       Kick              ||     4
       Punch             ||     3
 Cast: Beastly Appendage ||    11
  Use: Potion            ||     3
       Scroll            ||     2
 Stab: Sleeping          ||     2
Armor: Robe              ||    10
Dodge: Dodged            ||    78

Table legend: (Time is in decaauts)
 A = Elapsed time spent in this place.
 B = Non-inter-level travel time spent in this place.
 C = Inter-level travel time spent in this place.
 D = Time resting spent in this place.
 E = Time spent auto-exploring this place.
 F = Levels seen in this place.
 G = Mean time per level.
                   A        B        C        D        E       F      G
               +--------+--------+--------+--------+--------+-----+--------+
         Total |   3239 |   3196 |     43 |    759 |   2052 |   3 | 1079.7 |
       Dungeon |   3239 |   3196 |     43 |    759 |   2052 |   3 | 1079.7 |
               +--------+--------+--------+--------+--------+-----+--------+

Top non-repeatable levels by time:
     D:1: 1363 daAuts
     D:2: 1332 daAuts
     D:3: 543 daAuts
